 Dungeon Sprint DCSS version 0.23-a0-183-gf37f6fb (webtiles) character file.

15300000 namelastname112 the Formicid Barricade (level 27, -12388/249 HPs)
             Began as a Formicid Fighter on Sept 23, 2018.
             Was the Champion of Makhleb.
             Annihilated by The Meatlord
             ... wielding the +7 sceptre of Torment
              (12532 damage)
             ... in the Dungeon (Sprint VIII: "Arena of Blood").
             The game lasted 00:03:57 (153 turns).

namelastname112 the Formicid Barricade (FoFi)        Turns: 153, Time: 00:03:58

Health: -12388/249 AC: 13    Str: 23    XL:     27
Magic:  54/54      EV: 32    Int: 10    God:    Makhleb [******]
Gold:   0          SH: 19    Dex: 19    Spells: 80/80 levels left

rFire    . . .     SeeInvis +   k - +∞ Axe of Woe
rCold    . . .     Gourm    .   b - +0 shield
rNeg     . . .     Faith    .   a - +0 scale mail
rPois    .         Spirit   .   (helmet unavailable)
rElec    .         Reflect  .   (no cloak)
rCorr    .         Harm     .   (no gloves)
MR       ++...                  (no boots)
Stlth    ++++++++..             (no amulet)
HPRegen  0.51/turn              (no ring)
MPRegen  0.34/turn              (no ring)

@: no status effects
A: permanent stasis, dig shafts and tunnels, four strong arms, antennae 3
a: Dig, Minor Destruction, Lesser Servant of Makhleb, Major Destruction, Greater
Servant of Makhleb, Renounce Religion


You were in the Dungeon.
You worshipped Makhleb.
Makhleb was exalted by your worship.
You were not hungry.

You visited 1 branch

Inventory:

Hand Weapons
 k - the +∞ Axe of Woe (weapon)
   (You found it in the Dungeon)
Armour
 a - a +0 scale mail (worn)
 b - a +0 shield (worn)
Scrolls
 j - a scroll of blinking
Potions
 c - a potion of might
 e - a potion of curing
 g - a potion of haste
 h - 2 potions of magic
 i - a potion of berserk rage
Comestibles
 d - a ration


   Skills:
 O Level 27 Fighting
 O Level 27 Axes
 O Level 27 Throwing
 O Level 27 Armour
 O Level 27 Dodging
 O Level 27 Stealth
 O Level 27 Shields
 O Level 27 Unarmed Combat
 O Level 27 Spellcasting
 O Level 27 Invocations


You had 80 spell levels left.
You didn't know any spells.
Your spell library was empty.

Dungeon Overview and Level Annotations

Branches:
Dungeon (1/1)

Altars:
Makhleb

Annotations:
D The Meatlord


Innate Abilities, Weirdness & Mutations

You cannot be hasted, slowed, berserked, paralysed or teleported.
You can dig through walls and to a lower floor.
Your four strong arms can wield two-handed weapons with a shield.
You have a pair of large antennae on your head. (SInv)


Message History

The bag of meat dies!
The blast of lightning engulfs the scourge.
The scourge dies!
The blast of lightning engulfs the fleshlord.
The fleshlord dies!
The blast of lightning engulfs the eight-headed meat hydra.
The eight-headed meat hydra dies!
The blast of lightning engulfs the bag of meat.
The blast of lightning engulfs the Tzitzimitl.
The Tzitzimitl resists.
The blast of lightning engulfs the ball lightning.
The ball lightning completely resists.
The blast of lightning engulfs The Meatlord.
The Meatlord appears unharmed.
You hear a shout! x2
The meat berserker rages.
An eight-headed meat hydra comes into view.
The Meatlord hits you with the +7 sceptre of Torment!!!!!!!!!!!
Ouch! That really hurt!
You die...

......... ..{{
{.o.)....... ..O{
.op†..... .....
#o.*....# .#.Do{
#)W.....# o
..o..###.).....###§.
.%p.....))###......{
..#.....1&._......D.
#.....)§#)@)))#. .
....%.{{#_)<)_# ...
#...{{{{#)O)).#.....
..#..{{))o)_).......
...{{{..p)###.......
..O..###))%...%###..
...{. #.W.....# .
...{{ #)).....#
....{ .....p.%..


You could see The Meatlord, a Tzitzimitl, an eight-headed meat hydra, 2
fleshlords, a wretched soul (wandering), a dread, a meat berserker (berserk) and
4 bags of meat.

Vanquished Creatures
  4 hell knights (D)
  10 hell beasts (D)
  3 greater mummies (D)
  6 great orbs of eyes (D)
  3 wraiths (D)
  17 vampire knights (D)
  30 ogres (D)
  8 two-headed ogres (D)
  3 liches (D)
  A hydra (D)
  49 orcs (D)
  2 phantoms (D)
  3 skeletal warriors (D)
  5 sea snakes (D)
  5 large abominations (D)
  7 small abominations (D)
  3 crawling corpses (D)
159 creatures vanquished.

Vanquished Creatures (others)
  A hell knight (D)
  2 ogres (D)
  2 hydras (D)
  4 orcs (D)
  A sea snake (D)
  2 ball lightnings (D)
  3 crawling corpses (D)
15 creatures vanquished.

Grand Total: 174 creatures vanquished

Notes
Turn   | Place    | Note
-------+----------+-------------------------------------------
     0 | D        | Found the +∞ Axe of Woe
     0 | D        | namelastname112 the Formicid Fighter began the quest for
                  | the Orb.
     0 | D        | Reached XP level 1. HP: 18/18 MP: 1/1
     2 | D        | Noticed a bag of meat
     3 | D        | Noticed a bag of meat
     4 | D        | Became a worshipper of Makhleb the Destroyer
     4 | D        | Noticed a meat berserker
     4 | D        | Noticed a bag of meat
     6 | D        | Killed a meat berserker
     6 | D        | Reached XP level 2. HP: 51/51 MP: 2/2
     6 | D        | Reached XP level 3. HP: 58/58 MP: 3/3
     6 | D        | Reached XP level 4. HP: 65/65 MP: 4/4
     6 | D        | Reached XP level 5. HP: 72/72 MP: 5/5
     6 | D        | Reached XP level 6. HP: 79/79 MP: 6/6
     6 | D        | Reached XP level 7. HP: 85/85 MP: 7/7
     6 | D        | Reached XP level 8. HP: 93/93 MP: 8/8
     6 | D        | Reached XP level 9. HP: 99/99 MP: 9/9
     6 | D        | Reached XP level 10. HP: 107/107 MP: 10/10
     6 | D        | Reached XP level 11. HP: 113/113 MP: 11/11
     6 | D        | Reached XP level 12. HP: 120/120 MP: 12/12
     6 | D        | Reached XP level 13. HP: 127/127 MP: 13/13
     7 | D        | Noticed a bag of meat
     8 | D        | Killed a bag of meat
     8 | D        | Reached * piety under Makhleb
     8 | D        | Reached skill level 5 in Axes
     8 | D        | Reached skill level 10 in Unarmed Combat
     8 | D        | Reached XP level 14. HP: 138/138 MP: 14/14
     8 | D        | Killed a bag of meat
     8 | D        | Reached XP level 15. HP: 148/148 MP: 15/15
     8 | D        | Noticed a meat berserker
     8 | D        | Noticed a large bag of meat
     9 | D        | Noticed a meat berserker
     9 | D        | Noticed a meat berserker
     9 | D        | Noticed a meat berserker
    10 | D        | Noticed a meat berserker
    11 | D        | Noticed a large bag of meat
    12 | D        | Killed a meat berserker
    12 | D        | Reached ** piety under Makhleb
    12 | D        | Reached XP level 16. HP: 163/163 MP: 16/16
    12 | D        | Noticed a meat berserker
    13 | D        | Killed a meat berserker
    13 | D        | Reached skill level 27 in Fighting
    13 | D        | Reached skill level 15 in Axes
    13 | D        | Reached skill level 27 in Armour
    13 | D        | Reached skill level 27 in Shields
    13 | D        | Reached XP level 17. HP: 127/174 MP: 17/17
    13 | D        | Killed a meat berserker
    13 | D        | Reached XP level 18. HP: 133/182 MP: 18/18
    13 | D        | Killed a meat berserker
    13 | D        | Reached *** piety under Makhleb
    13 | D        | Noticed a meat berserker
    14 | D        | Killed a meat berserker
    14 | D        | Reached skill level 27 in Axes
    14 | D        | Reached XP level 19. HP: 189/189 MP: 19/19
    14 | D        | Killed a large bag of meat
    14 | D        | Reached skill level 27 in Unarmed Combat
    14 | D        | Reached **** piety under Makhleb
    14 | D        | Reached skill level 10 in Invocations
    14 | D        | Reached XP level 20. HP: 197/197 MP: 19/33
    15 | D        | Killed a meat berserker
    15 | D        | Killed a meat berserker
    15 | D        | Reached skill level 15 in Throwing
    15 | D        | Reached skill level 15 in Spellcasting
    15 | D        | Reached XP level 21. HP: 204/204 MP: 19/40
    16 | D        | Noticed a meat berserker
    17 | D        | Noticed a meat berserker
    18 | D        | Noticed a large bag of meat
    19 | D        | Reached ***** piety under Makhleb
    19 | D        | Reached skill level 27 in Stealth
    19 | D        | Killed a large bag of meat
    19 | D        | Noticed a meat berserker
    20 | D        | Noticed a meat berserker
    20 | D        | Noticed a large bag of meat
    21 | D        | Killed a large bag of meat
    21 | D        | Reached XP level 22. HP: 196/212 MP: 20/46
    21 | D        | Killed a meat berserker
    22 | D        | Noticed a meat berserker
    23 | D        | Reached XP level 23. HP: 219/219 MP: 21/50
    23 | D        | Reached skill level 27 in Invocations
    24 | D        | Killed a large bag of meat
    25 | D        | Noticed a large bag of meat
    25 | D        | Noticed a destroyer
    25 | D        | Noticed a large bag of meat
    26 | D        | Reached ****** piety under Makhleb
    26 | D        | Reached skill level 27 in Throwing
    26 | D        | Reached skill level 27 in Dodging
    26 | D        | Reached skill level 27 in Spellcasting
    26 | D        | Reached XP level 24. HP: 223/227 MP: 21/54
    27 | D        | Reached XP level 25. HP: 234/234 MP: 22/54
    28 | D        | Noticed a large bag of meat
    28 | D        | Noticed a destroyer
    29 | D        | Killed a destroyer
    30 | D        | Noticed a large bag of meat
    31 | D        | Reached XP level 26. HP: 242/242 MP: 23/54
    31 | D        | Killed a large bag of meat
    32 | D        | Noticed a destroyer
    33 | D        | Killed a large bag of meat
    34 | D        | Killed a large bag of meat
    34 | D        | Reached XP level 27. HP: 249/249 MP: 24/54
    35 | D        | Noticed a destroyer
    40 | D        | Noticed a destroyer
    41 | D        | Noticed a destroyer
    42 | D        | Noticed a destroyer
    43 | D        | Killed a destroyer
    44 | D        | Killed a destroyer
    46 | D        | Killed a destroyer
    46 | D        | Killed a destroyer
    47 | D        | Noticed a destroyer
    49 | D        | Killed a destroyer
    50 | D        | Noticed a tyrant
    51 | D        | Killed a destroyer
    54 | D        | Killed a destroyer
    55 | D        | Noticed a destroyer
    58 | D        | Noticed a dread
    60 | D        | Noticed a meat beast
    62 | D        | Killed a tyrant
    62 | D        | Noticed a meat beast
    63 | D        | Noticed a destroyer
    63 | D        | Killed a destroyer
    63 | D        | Killed a dread
    64 | D        | Noticed a meat beast
    65 | D        | Killed a meat beast
    66 | D        | Killed a meat beast
    66 | D        | Noticed a meat beast
    68 | D        | Noticed a dread
    69 | D        | Killed a meat beast
    69 | D        | Killed a meat beast
    71 | D        | Killed a destroyer
    72 | D        | Noticed a destroyer
    73 | D        | Killed a destroyer
    75 | D        | Killed a dread
    80 | D        | Noticed a meat beast
    81 | D        | Noticed a destroyer
    81 | D        | Noticed a destroyer
    82 | D        | Noticed an accursed
    84 | D        | Killed a meat beast
    86 | D        | Killed a destroyer
    91 | D        | Killed a destroyer
    92 | D        | Noticed a destroyer
    93 | D        | Noticed a large bag of meat
    97 | D        | Noticed an accursed
    99 | D        | Noticed an accursed
   100 | D        | Killed a large bag of meat
   101 | D        | Noticed a meat beast
   101 | D        | Noticed a tyrant
   102 | D        | Killed an accursed
   102 | D        | Killed a destroyer
   102 | D        | Killed a tyrant
   102 | D        | Noticed a destroyer
   104 | D        | Killed a meat beast
   107 | D        | Killed a destroyer
   109 | D        | Noticed a destroyer
   110 | D        | Noticed a meat beast
   110 | D        | Noticed a large bag of meat
   110 | D        | Noticed an accursed
   110 | D        | Noticed a meat beast
   111 | D        | Killed an accursed
   113 | D        | Killed a meat beast
   113 | D        | Noticed a meat beast
   114 | D        | Killed a meat beast
   117 | D        | Noticed a dread
   120 | D        | Killed a meat beast
   121 | D        | Killed a destroyer
   124 | D        | Killed an accursed
   127 | D        | Killed a dread
   129 | D        | Noticed a fleshlord
   129 | D        | Noticed a fleshlord
   131 | D        | Noticed a fleshlord
   131 | D        | Noticed a fleshlord
   131 | D        | Noticed a destroyer
   132 | D        | Killed a fleshlord
   134 | D        | Killed a destroyer
   135 | D        | Killed a fleshlord
   137 | D        | Killed a fleshlord
   138 | D        | Noticed a tyrant
   140 | D        | Noticed a dread
   141 | D        | Killed a fleshlord
   143 | D        | Noticed a large bag of meat
   146 | D        | Noticed a meat beast
   146 | D        | Noticed The Meatlord
   147 | D        | Noticed a fleshlord
   148 | D        | Noticed a fleshlord
   149 | D        | Noticed a dread
   151 | D        | Killed a meat beast
   151 | D        | Killed a tyrant
   153 | D        | Noticed a fleshlord
   153 | D        | Killed a fleshlord
   153 | D        | Annihilated by The Meatlord

Vault maps used:
D:        meatsprint

Skill      XL: |  1  2  3  4  5  6  7  8  9 10 11 12 13 14 15 16 17 18 19 20 21 22 23 |
---------------+----------------------------------------------------------------------+-----
Fighting       | 19 21 22 25 27 | 27.0
Axes           | 4 5 7 11 15 21 27 | 27.0
Armour         | 19 21 22 25 27 | 27.0
Shields        | 20 22 23 26 27 | 27.0
Unarmed Combat | 9 10 11 12 14 16 24 27 | 27.0
Throwing       | 9 15 20 23 27 | 27.0
Dodging        | 8 14 18 21 27 | 27.0
Stealth        | 11 19 27 | 27.0
Spellcasting   | 9 15 20 23 27 | 27.0
Invocations    | 10 17 23 26 27 | 27.0

Action                   |  1- 3 |  4- 6 |  7- 9 | 10-12 | 13-15 | 16-18 | 19-21 | 22-24 | 25-27 || total
-------------------------+-------+-------+-------+-------+-------+-------+-------+-------+-------++-------
Melee: Executioner's axe |     1 |       |       |       |     3 |     2 |     4 |     4 |    79 ||    93
  Use: Potion            |       |       |       |       |       |       |       |       |     1 ||     1
 Stab: Distracted        |       |       |       |       |       |       |     1 |       |       ||     1
Armor: Scale mail        |       |       |       |       |       |       |       |       |     4 ||     4
Dodge: Dodged            |       |       |       |       |       |     1 |       |       |    18 ||    19
Block: Shield            |       |       |       |       |     2 |     2 |       |     1 |    16 ||    21

Table legend:
 A = Non-vault XP
 B = Vault XP
 C = Vault XP percentage of total XP
 D = Non-vault monster count
 E = Vault monster count
 F = Vault count percentage of total count
                 A         B        C        D         E       F
            +---------+---------+-------+---------+---------+-------
      Total | 4512382 | 1193626 |  20.9 |      98 |      54 |  35.5
            +---------+---------+-------+---------+---------+-------
          D | 4512382 | 1193626 |  20.9 |      98 |      54 |  35.5
            +---------+---------+-------+---------+---------+-------
